 Dungeon Crawl Stone Soup version 0.22.2-1-ge965b3a (webtiles) character file.

462 smallpebble the Chopper (level 7, 0/58 HPs)
             Began as a Hill Orc Fighter on Apr 6, 2019.
             Succumbed to an orc wizard's poison
             ... on level 5 of the Dungeon.
             The game lasted 00:13:48 (2886 turns).

smallpebble the Chopper (Hill Orc Fighter)          Turns: 2886, Time: 00:13:49

Health: 0/58       AC: 15    Str: 24    XL:     7   Next: 7%
Magic:  2/7        EV:  5    Int:  8    God:
Gold:   148        SH: 10    Dex: 12    Spells: 6/6 levels left

rFire    . . .     SeeInvis .   a - +1 war axe
rCold    . . .     Gourm    .   c - +0 shield
rNeg     . . .     Faith    .   x - +0 plate armour
rPois    .         Spirit   +   g - +2 helmet
rElec    .         Reflect  .   i - +0 cloak
rCorr    .         Harm     .   (no gloves)
MR       +....                  (no boots)
Stlth    ..........             A - amulet of guardian spirit
HPRegen  0.19/turn              j - ring of protection from magic
MPRegen  0.10/turn              B - +5 ring of strength

@: lethally poisoned (0 -> -32)
A: no striking features
a: Convert to Beogh


You were on level 5 of the Dungeon.
You were not hungry.

You visited 1 branch of the dungeon, and saw 5 of its levels.

You collected 148 gold pieces.

Inventory:

Hand Weapons
 a - a +1 war axe (weapon)
Armour
 b - a +0 scale mail
 c - a +0 shield (worn)
 g - a +2 helmet (worn)
 i - a +0 cloak (worn)
 k - a +0 ring mail
 p - a +0 ring mail
 x - a +0 plate armour (worn)
Jewellery
 j - a ring of protection from magic (left hand)
 q - an uncursed ring of fire
 t - an uncursed ring of teleportation
 A - an amulet of guardian spirit (around neck)
 B - a +5 ring of strength (right hand)
 C - a +3 ring of intelligence {unknown}
 E - an uncursed ring of resist corrosion {unknown}
Wands
 v - a wand of acid (8)
 w - a wand of iceblast (16)
Scrolls
 l - a scroll of identify
 n - a scroll of fear
 r - a scroll of teleportation
 s - 2 scrolls of enchant armour {unknown}
 u - 2 scrolls of remove curse
 y - a scroll of amnesia
Potions
 d - 3 potions of might
 e - 2 potions of brilliance {unknown}
 h - a potion of flight {unknown}
 m - 3 potions of curing {unknown}
 o - 2 potions of mutation {unknown}
 z - a potion of heal wounds {unknown}
 D - a potion of resistance {unknown}
Comestibles
 f - 2 rations


   Skills:
 - Level 3.8 Fighting
 * Level 7.5 Axes
 - Level 3.4 Armour
 - Level 3.1 Dodging
 - Level 3.8 Shields


You had 6 spell levels left.
You didn't know any spells.
Your spell library contained the following spells:

 Spells                   Type           Power        Failure   Level  Hunger
 Animate Skeleton         Necr           N/A          100%        1    ##.....
 Apportation              Tloc           #.....       100%        1    ##.....
 Confusing Touch          Hex            #.....       100%        1    ##.....
 Summon Small Mammal      Summ           #...         100%        1    ##.....


Dungeon Overview and Level Annotations

Branches:
Dungeon (5/15)
 Temple: D:4-7

Altars:

Shops:
D:5 %


Message History

The leopard gecko bites you but does no damage.
You block something's attack.
* * * LOW HITPOINT WARNING * * *
You feel very sick.
* * * LOW HITPOINT WARNING * * *
You feel very sick.
You hear some strange, mumbled words.
A puff of flame appears from out of thin air!
The puff of flame hits you!
There is a dry fountain here.
* * * LOW HITPOINT WARNING * * *
You feel very sick.
The orc wizard mumbles some strange words.
The orc wizard blinks!
A magic dart appears from out of thin air!
The magic dart hits you!
* * * LOW HITPOINT WARNING * * *
You hit the orc wizard.
The orc wizard is moderately wounded.
You die...

#.### #)oa#
###)# #.## #.§#
###o### #≈≈.l≈#
#. ###§⌠.⌠≈#
#.####.o@.∩..+
#......#§⌠.⌠≈#
##......#≈≈.§≈#
........###+###
##.....(....#
##......#.......
#.....<#######.
#......#
#......#


You could see an orc priest, an orc wizard and a leopard gecko.

Vanquished Creatures
  A phantom (D:4)
  An orc priest (D:4)
  A hound (D:5)
  3 orc wizards
  A bullfrog skeleton (D:5)
  2 worker ants
  A hound skeleton (D:4)
  A howler monkey skeleton (D:4)
  5 adders
  2 leopard geckos
  12 orcs
  6 bats
  7 giant cockroaches
  3 goblins
  10 hobgoblins
  3 jackals (D:1)
  8 kobolds
  2 quokkas (D:3)
  A ball python (D:4)
  4 frilled lizards
  A quokka skeleton (D:2)
  12 rats
87 creatures vanquished.

Notes
Turn   | Place    | Note
-------+----------+-------------------------------------------
     0 | D:1      | smallpebble the Hill Orc Fighter began the quest for the
                  | Orb.
     0 | D:1      | Reached XP level 1. HP: 19/19 MP: 1/1
   174 | D:1      | Reached XP level 2. HP: 27/27 MP: 2/2
   311 | D:1      | Reached skill level 1 in Dodging
   362 | D:1      | Reached XP level 3. HP: 16/33 MP: 3/3
  1181 | D:2      | You fall through a shaft!
  1200 | D:3      | Reached XP level 4. HP: 36/40 MP: 4/4
  1336 | D:3      | Reached XP level 5. HP: 43/46 MP: 5/5
  1523 | D:3      | Reached skill level 3 in Axes
  2194 | D:4      | Reached skill level 4 in Axes
  2282 | D:4      | Noticed a phantom
  2314 | D:4      | Killed a phantom
  2314 | D:4      | Reached skill level 6 in Axes
  2314 | D:4      | Reached XP level 6. HP: 52/52 MP: 6/6
  2826 | D:5      | Entered Level 5 of the Dungeon
  2833 | D:5      | Found Iqell's Food Shoppe.
  2855 | D:5      | Reached skill level 7 in Axes
  2864 | D:5      | Reached XP level 7. HP: 54/58 MP: 7/7
  2886 | D:5      | Succumbed to an orc wizard's poison

Skill      XL: |  1  2  3  4  5  6 |
---------------+-------------------+-----
Dodging        | 1 2 3 |  3.1
Axes           | 6 7 |  7.5
Fighting       | |  3.8
Armour         | |  3.4
Shields        | |  3.8

Action                   |  1- 3 |  4- 6 |  7- 9 || total
-------------------------+-------+-------+-------++-------
Melee: War axe           |   114 |   147 |    17 ||   278
  Use: Scroll            |     5 |     5 |       ||    10
  Eat: Chunk             |     1 |       |       ||     1
       Ration            |       |     2 |       ||     2
Armor: Scale mail        |    72 |     4 |       ||    76
       Ring mail         |       |    33 |       ||    33
       Plate armour      |       |    37 |    14 ||    51
Dodge: Dodged            |    41 |    42 |     2 ||    85
Block: Shield            |    60 |    90 |    10 ||   160
